 Dungeon Crawl Stone Soup version 0.19-a0-659-g8260ecf (webtiles) character file.

242 Stormphoenix the Poker (level 5, -7/41 HPs)
             Began as a Centaur Gladiator on June 15, 2016.
             Was a Follower of Okawaru.
             Mangled by a scorpion (8 damage)
             ... on level 3 of the Dungeon.
             The game lasted 00:04:32 (3015 turns).

Stormphoenix the Poker (Centaur Gladiator)          Turns: 3015, Time: 00:04:33

Health: -7/41      AC:  7    Str: 18    XL:     5   Next: 81%
Magic:  4/5        EV: 10    Int:  7    God:    Okawaru [*.....]
Gold:   124        SH:  0    Dex: 10    Spells: 0 memorised, 4 levels left

rFire  . . .     SeeInvis .     a - +0 trident
rCold  . . .     Gourm    .     b - +0 leather armour
rNeg   . . .     Faith    .     (no shield)
rPois  .         Spirit   .     c - +1 helmet
rElec  .         Dismiss  .     k - +0 cloak
rCorr  +         Reflect  .     (no gloves)
SustAt .         Harm     .     (no barding)
MR     .....                    (no amulet)
Stlth  ..........               (no ring)
                                e - ring of resist corrosion

@: very quick, not resistant to hostile enchantments, extremely unstealthy
A: hooves 3, deformed body, speed 2, tough skin 3
a: Heroism, Renounce Religion


You were on level 3 of the Dungeon.
You worshipped Okawaru.
Okawaru was aware of your devotion.
You were not hungry.

You visited 1 branch of the dungeon, and saw 4 of its levels.

You collected 124 gold pieces.

Inventory:

Hand Weapons
 a - a +0 trident (weapon)
Missiles
 d - 3 throwing nets (quivered)
Armour
 b - a +0 leather armour (worn)
 c - a +1 helmet (worn)
 k - a +0 cloak (worn)
Jewellery
 e - a ring of resist corrosion (left hand)
Scrolls
 i - a scroll of teleportation
 j - a scroll of remove curse {unknown}
Potions
 h - a potion of brilliance
Comestibles
 f - 4 bread rations
 g - 2 fruits
 l - a meat ration
 n - a royal jelly


   Skills:
 - Level 2.0 Fighting
 + Level 6.0 Polearms
 - Level 2.1 Throwing
 - Level 2.1 Dodging


You had 4 spell levels left.
You didn't know any spells.

Dungeon Overview and Level Annotations

Branches:
Dungeon (4/15)
 Temple: D:4-7

Altars:
Gozag
Kikubaaqudgha
Okawaru
Xom


Innate Abilities, Weirdness & Mutations

You have hooves in place of feet.
Armour fits poorly on your strangely shaped body.
You cover ground very quickly.
You have extremely tough skin. (AC +3)


Message History

The scorpion is almost dead.
The scorpion stings you.
* * * LOW HITPOINT WARNING * * *
You are lethally poisoned!
The scorpion poisons you!
You hit the scorpion but do no damage.
The scorpion is almost dead.
You feel like a meek peon again.
* * * LOW HITPOINT WARNING * * *
You feel sick. The scorpion stings you!
* * * LOW HITPOINT WARNING * * *
The gnoll closely misses you.
You feel better. The scorpion stings you.
* * * LOW HITPOINT WARNING * * *
The gnoll hits you from afar with a halberd!
* * * LOW HITPOINT WARNING * * *
You barely miss the scorpion.
The scorpion is almost dead.
The scorpion stings you!
You die...

### #@## ### #
#s.# #.# #
#.g# ####.#
###### #..#
#....###.....
#..#
#<##.##..####
#..#
#.##.##.##
#(.# #.##.##.#
#>.# #.##.#..#
#..###.##.#.##


You could see a scorpion and a gnoll.

Vanquished Creatures
  An ogre (D:3)
  A crimson imp (D:3)
  3 gnolls (D:3)
  3 adders
  3 worms
  2 dart slugs (D:2)
  6 orcs (D:3)
  2 giant cockroaches
  4 goblins
  8 hobgoblins
  3 jackals (D:2)
  6 bats
  4 giant newts
  5 kobolds
  6 rats
57 creatures vanquished.

Notes
Turn   | Place    | Note
--------------------------------------------------------------
     0 | D:1      | Stormphoenix the Centaur Gladiator began the quest for the Orb.
     0 | D:1      | Reached XP level 1. HP: 17/17 MP: 1/1
   197 | D:1      | Reached skill level 3 in Polearms
   356 | D:1      | Reached XP level 2. HP: 24/24 MP: 2/2
   893 | D:2      | Found an ancient bone altar of Kikubaaqudgha.
  1224 | D:2      | Reached XP level 3. HP: 27/29 MP: 3/3
  1238 | D:2      | Found an iron altar of Okawaru.
  1257 | D:2      | Became a worshipper of Warmaster Okawaru
  1291 | D:2      | Reached skill level 4 in Polearms
  1501 | D:2      | Found an opulent altar of Gozag.
  1872 | D:3      | Noticed an ogre
  1882 | D:3      | Reached XP level 4. HP: 31/36 MP: 4/4
  1891 | D:3      | Killed an ogre
  1891 | D:3      | Reached skill level 5 in Polearms
  1891 | D:3      | Reached XP level 5. HP: 6/41 MP: 5/5
  2312 | D:3      | Reached * piety under Okawaru
  2539 | D:3      | Found a shimmering altar of Xom.
  2781 | D:3      | Reached skill level 6 in Polearms
  3014 | D:3      | HP: 1/41 [gnoll/halberd (8)]
  3015 | D:3      | Mangled by a scorpion

Vault maps used:
D:1:      dpeg_arrival_line_fractal
D:2:      kiku_gazebo_pond_becter, lemuel_coloured_pillars_altar,
          grunt_gozag_breadcrumbs
D:3:      lemuel_round_altar, first_bread

Skill      XL: |  1  2  3  4  5 |
---------------+----------------+-----
Polearms       | 3 4 5 6 |  6.0
Fighting       | |  2.0
Throwing       | |  2.1
Dodging        | |  2.1

Action                   |  1- 3 |  4- 6 || total
-------------------------+-------+-------++-------
Melee: Trident           |   124 |    91 ||   215
       Kick              |    21 |    21 ||    42
       Punch             |       |     1 ||     1
Invok: Heroism           |       |     1 ||     1
  Use: Scroll            |     6 |     1 ||     7
       Potion            |     5 |     1 ||     6
  Eat: Chunk             |     2 |     3 ||     5
Armor: Leather armour    |    43 |    23 ||    66
Dodge: Dodged            |    56 |    53 ||   109
